 Dungeon Crawl Stone Soup version 0.30.1-11-g7821555f0a (webtiles) character file.

Game seed: 9402421971312543603

282 Martska the Trooper (level 6, 0/49 HPs)
             Began as a Demonspawn Fighter on Dec 13, 2023.
             Was a Follower of Cheibriados.
             Slain by a gnoll
             ... wielding a +0 spear
             ... led by a gnoll bouda
              (4 damage)
             ... on level 4 of the Dungeon.
             The game lasted 00:03:38 (1838 turns).

Martska the Trooper (Demonspawn Fighter)            Turns: 1838, Time: 00:03:38

Health: 0/49       AC:  8    Str: 20    XL:     6   Next: 6%
Magic:  7/7        EV: 10    Int: 12    God:    Cheibriados [*.....]
Gold:   161        SH:  9    Dex: 14    Spells: 5/5 levels left

rFire   . . .        q - +0 hand axe (flame)
rCold   . . .        c - +0 buckler
rNeg    . . .        b - +0 scale mail
rPois   .            (no helmet)
rElec   .            (no cloak)
rCorr   .            (no gloves)
SInv    +            u - +0 pair of boots
Will    .....        k - amulet of regeneration Stlth
                     r - ring of see invisible
HPRegen 1.08/turn    (no ring)
MPRegen 0.10/turn

%: no passive effects
@: very slow
A: powered by death 1, condensation shield
a: Renounce Religion, Bend Time


You were on level 4 of the Dungeon.
You worshipped Cheibriados.
Cheibriados was aware of your devotion.
You visited 1 branch of the dungeon, and saw 4 of its levels.

You collected 161 gold pieces.

Inventory:

Hand Weapons
 a - a +0 trident
 q - a +0 hand axe of flaming (weapon)
 t - a +0 long sword
Armour
 b - a +0 scale mail (worn)
 c - a +0 buckler (worn)
 u - a +0 pair of boots (worn)
Jewellery
 k - an amulet of regeneration (around neck)
 r - a ring of see invisible (left hand)
Scrolls
 e - a scroll of torment {unknown}
 g - a scroll of blinking {unknown}
 h - a scroll of acquirement {unknown}
 i - 5 scrolls of identify {unknown}
 j - 2 scrolls of teleportation {unknown}
 n - a scroll of magic mapping {unknown}
 o - a scroll of fog {unknown}
 s - a scroll of fear {unknown}
 v - 2 scrolls of immolation {unknown}
Potions
 d - a potion of might
 f - a potion of heal wounds {unknown}
 l - a potion of lignification {unknown}
 m - a potion of invisibility {unknown}
 w - a potion of attraction {unknown}


   Skills:
 * Level 4.5 Fighting
 - Level 1.7 Polearms
 + Level 3.3 Armour
 * Level 2.8 Dodging
 + Level 3.4 Shields
 + Level 2.0 Invocations


You had 5 spell levels left.
You didn't know any spells.
Your spell library contained the following spells:

 Spells                   Type           Power      Damage    Failure   Level
 Magic Dart               Conj           0%         1d3       75%         1
 Call Imp                 Summ           0%         N/A       87%         2
 Ignite Poison            Fire/Tmut/Pois 0%         N/A       98%         3
 Mephitic Cloud           Conj/Pois/Air  0%         N/A       98%         3
 Sticky Flame             Conj/Fire      0%         2d3       100%        4
 Ignition                 Fire           0%         3d3       100%        8


Dungeon Overview and Level Annotations

Branches:
Dungeon (4/15)
 Temple: D:4-7

Altars:
Cheibriados


Innate Abilities, Weirdness & Mutations

You regenerate a little health from kills.
A meltable shield of frost defends you. (SH +4)


Message History

You kill the gnoll!
Cheibriados appreciates the change of pace.
The gnoll hits you from afar with a +0 spear.
You block the gnoll's attack.
Your Invocations skill increases to level 2!
The gnoll hits you with a +0 spear.
* * * LOW HITPOINT WARNING * * *
The gnoll misses you. You block the gnoll's attack.
Items here: )) ††.
You hit the gnoll. You burn the gnoll.
The gnoll is moderately wounded.
You hit the gnoll but do no damage. The gnoll hits you with a +0 spear.
* * * LOW HITPOINT WARNING * * *
The gnoll hits you but does no damage. The gnoll closely misses you.
You hit the gnoll. You burn the gnoll.
The gnoll is heavily wounded.
You hit the gnoll. You burn the gnoll. The gnoll hits you with a +0 spear.
* * * LOW HITPOINT WARNING * * *
The gnoll barely misses you.
You hit the gnoll but do no damage.
The gnoll is heavily wounded.
You hit the gnoll but do no damage. You block the gnoll's attack.
The gnoll hits you but does no damage. The gnoll hits you with a +0 spear.
* * * LOW HITPOINT WARNING * * *
You hit the gnoll. You burn the gnoll.
The gnoll is heavily wounded.
You barely miss the gnoll. You block the gnoll's attack.
The gnoll hits you with a +0 spear.
* * * LOW HITPOINT WARNING * * *
You block the gnoll's attack.
You hit the gnoll. You burn the gnoll.
The gnoll is severely wounded.
You hit the gnoll but do no damage.
You hear the brisk rusting of a very distant drain.
The gnoll barely misses you. The gnoll closely misses you.
You hit the gnoll. You burn the gnoll.
You kill the gnoll!
Cheibriados appreciates the change of pace.
You hit the gnoll but do no damage. The gnoll hits you with a +0 spear.
You die...

#.........#
.........# .
........# ..
.......#..
........ . ###
..$..#... #..
#####.#......
####.#
#####..)@)..#
.....#
#.....###g###
.>...# ##.#####
#.# .....###..#
#.# .........##
#.# .....#####
## #.#
.....######.#
...
.....##.....#
#.#
###..##.##.####


You could see a gnoll.

Vanquished Creatures
  A phantom (D:4)
  A hound (D:4)
  A gnoll bouda (D:4)
  An iguana (D:4)
  4 gnolls (D:4)
  2 adders (D:2)
  3 worms
  A dart slug (D:1)
  An orc (D:3)
  9 bats
  8 endoplasms
  5 giant cockroaches
  8 hobgoblins
  6 kobolds
  2 quokkas
  4 ball pythons
  4 frilled lizards
  6 rats
67 creatures vanquished.

Notes
Turn   | Place    | Note
-------+----------+-------------------------------------------
     0 | D:1      | Martska the Demonspawn Fighter began the quest for the Orb.
     0 | D:1      | Reached XP level 1. HP: 18/18 MP: 1/1
   361 | D:1      | Gained mutation: A meltable shield of frost defends you.
                  | (SH +4) [demonic ancestry]
   361 | D:1      | Reached XP level 2. HP: 24/24 MP: 2/2
   434 | D:1      | Reached skill level 1 in Dodging
   974 | D:2      | Reached XP level 3. HP: 29/29 MP: 3/3
   997 | D:2      | Found a snail-covered altar of Cheibriados.
  1131 | D:2      | Became a worshipper of Cheibriados the Contemplative
  1189 | D:3      | Reached XP level 4. HP: 37/37 MP: 4/4
  1646 | D:4      | Reached * piety under Cheibriados
  1689 | D:4      | Reached skill level 4 in Fighting
  1689 | D:4      | Reached skill level 1 in Invocations
  1699 | D:4      | Reached XP level 5. HP: 22/42 MP: 5/5
  1735 | D:4      | Noticed a phantom
  1756 | D:4      | Killed a phantom
  1827 | D:4      | Gained mutation: You regenerate a little health from kills.
                  | [demonic ancestry]
  1827 | D:4      | Reached XP level 6. HP: 7/49 MP: 7/7
  1836 | D:4      | HP: 1/49 [gnoll/+0 spear[a gnoll bouda] (5)]
  1838 | D:4      | Slain by a gnoll

Illustrated notes

Levels and vault maps discovered:
D:1:      erik_arrival_triangle_medium, layout_basic, amethyst_killhole,
          hex_tiny, corexii_item_surrounded_by_moat
D:2:      minmay_chambers_of_twos, layout_basic, basic_altar
D:3:      layout_rooms, mainiacjoe_overflow_small_starburst
D:4:      layout_rooms, portal_sewer_entry_e

Skill      XL: |  1  2  3  4  5  6 |
---------------+-------------------+-----
Dodging        | 1 2 |  2.8
Armour         | 3 |  3.3
Shields        | 3 |  3.4
Fighting       | 4 |  4.5
Invocations    | 1 2 |  2.0
Polearms       | |  1.7

Action                     |  1- 3 |  4- 6 || total
---------------------------+-------+-------++-------
  Melee: Trident           |    30 |       ||    30
         Hand axe          |    74 |   115 ||   189
    Use: Potion            |       |     2 ||     2
 Armour: Scale mail        |    53 |    37 ||    90
  Dodge: Dodged            |    53 |    68 ||   121
  Block: Buckler           |    44 |    70 ||   114
